 Dungeon Sprint DCSS version 0.19.3-4-gbf9329e (webtiles) character file.

1217 Kagutsuchi the Carver (level 8, -2/81 (82) HPs)
             Began as a White Draconian Berserker on Jan 28, 2017.
             Was a High Priest of Trog.
             Killed from afar by an electric eel (3 damage)
             ... with a bolt of electricity
             ... in the Dungeon (Sprint II: "The Violet Keep of Menkaure").
             The game lasted 00:04:58 (1264 turns).

Kagutsuchi the Carver (White Draconian Berserker)   Turns: 1264, Time: 00:04:59

HP:   -2/81 (82)    AC:  6    Str: 18    XL:     8   Next: 22%
MP:   8/8           EV: 19    Int:  5    God:    Trog [*****.]
Gold: 20            SH:  0    Dex: 17    Spells: 0 memorised, 7 levels left

rFire  . . .     SeeInvis .     a - +0 falchion
rCold  + . .     Gourm    .     (armour unavailable)
rNeg   + . .     Faith    .     (no shield)
rPois  .         Spirit   .     (helmet restricted)
rElec  +         Reflect  .     (no cloak)
rCorr  .         Harm     .     (no gloves)
MR     .....     NoTele   +     (no boots)
Stlth  +.........               (no amulet)
                                c - ring of Ocaepn {rElec rN+}
                                d - +4 ring of dexterity

@: no status effects
A: breathe frost, unfitting armour, cold resistance 1, dopey 1, weak 1,
cold-blooded, MP-powered wands, AC +6
a: Breathe Frost, Berserk, Trog's Hand, Brothers in Arms, Burn Spellbooks,
Renounce Religion


You were in the Dungeon.
You worshipped Trog.
Trog was extremely pleased with you.
You were not hungry.

You visited 1 branch You collected 972 gold pieces.
You spent 952 gold pieces at shops.

Inventory:

Hand Weapons
 a - a +0 falchion (weapon)
 l - a +0 great mace
Missiles
 b - 6 tomahawks of returning (quivered)
Jewellery
 c - the ring of Ocaepn (right hand) {rElec rN+}
   (You bought it in a shop in the Dungeon)

   [ring of positive energy]

   It insulates you from electricity.
   It protects you from negative energy.
 d - a +4 ring of dexterity (left hand)
Scrolls
 h - a scroll of blinking
Potions
 e - a potion of haste
 f - 2 potions of magic
 g - a potion of berserk rage
 j - a potion of curing
 k - a potion of heal wounds
Comestibles
 i - a meat ration


   Skills:
 + Level 11.3 Fighting
 + Level 11.9 Long Blades
 + Level 9.2 Dodging
 + Level 1.8 Stealth


You had 7 spell levels left.
You didn't know any spells.

Dungeon Overview and Level Annotations

Branches:
Dungeon (1/1)

Altars:

Shops:
D :[:%==[*!%?}(?!}

Annotations:
D exclusion: oklob plant


Innate Abilities, Weirdness & Mutations

You can breathe waves of freezing cold.
You can buffet flying creatures when you breathe cold.
Your icy white scales are hard. (AC +6)
You cannot fit into any form of body armour.
Your flesh is cold resistant. (rC+)
You are cold-blooded and may be slowed by cold attacks.
You are dopey. (Int -2)
You are weak. (Str -2)
You expend magic power (3 MP) to strengthen your wands.


Message History

* * * LOW HITPOINT WARNING * * *
The electric eel shoots out a bolt of lightning at you!
The bolt of electricity hits you! You resist.
* * * LOW HITPOINT WARNING * * *
The electric eel shoots out a bolt of lightning at you!
The bolt of electricity hits you! You resist.
* * * LOW HITPOINT WARNING * * *
The bolt of electricity misses you.
The electric eel shoots out a bolt of lightning at you!
The bolt of electricity hits the electric eel.
The electric eel completely resists.
The bolt of electricity hits you! You resist.
* * * LOW HITPOINT WARNING * * *
The bolt of electricity hits you! You resist.
* * * LOW HITPOINT WARNING * * *
The electric eel shoots out a bolt of lightning at you!
The bolt of electricity hits the electric eel.
The electric eel completely resists.
The bolt of electricity hits you! You resist.
You die...

..∩.∩...#÷#.####.##..##
...∩.∩..'≈'##†'.<.'##.+
....∩.∩.#≈#...##.##..##
▓▓▓▓▓▓###≈##.###'###.#
$HH######≈≈####.######
!$H#J ##≈≈≈#.##..# ≈
∩P!+. #'#≈##...## §§§
(.$ ( #.#§§##+##≈§≈§≈
)%. ## ####§§§@≈≈≈≈≈≈§
#§§§#+++#≈§≈ #;;;;;§§#
#≈§;;;§§§≈#
+≈≈§≈≈§§§§§≈+
##≈≈§§§§§§§##
##≈§§§§§§## ####+####


You could see 8 electric eels.

Vanquished Creatures
  4 neqoxecs (D)
  A vampire mosquito (D)
  Menkaure (D)
  4 necrophages (D)
  A crocodile (D)
  4 worker ants (D)
  3 worms (D)
18 creatures vanquished.

Vanquished Creatures (others)
  A crocodile (D)
1 creature vanquished.

Grand Total: 19 creatures vanquished

Notes
Turn   | Place    | Note
-------+----------+-------------------------------------------
     0 | D        | Kagutsuchi the Draconian Berserker began the quest for the Orb.
     0 | D        | Reached XP level 1. HP: 19/19 MP: 1/1
     1 | D        | Noticed a worker ant
     1 | D        | Noticed a worker ant
     1 | D        | Noticed a worker ant
     1 | D        | Noticed a worker ant
     5 | D        | Noticed a neqoxec
     6 | D        | Noticed a neqoxec
     6 | D        | Gained mutation: You expend magic power (3 MP) to strengthen your wands. [a neqoxec]
    13 | D        | Killed a neqoxec
    13 | D        | Reached skill level 5 in Dodging
    13 | D        | Reached XP level 2. HP: 31/31 MP: 2/2
    13 | D        | Reached XP level 3. HP: 38/38 MP: 3/3
    13 | D        | Reached XP level 4. HP: 45/45 MP: 4/4
    17 | D        | Killed a neqoxec
    17 | D        | Reached XP level 5. HP: 55/55 MP: 5/5
    19 | D        | Noticed a neqoxec
    21 | D        | Noticed a neqoxec
    31 | D        | Noticed Menkaure
    34 | D        | Gained mutation: You are dopey. (Int -2) [a neqoxec]
    35 | D        | Lost intelligence.
    37 | D        | Gained mutation: You are weak. (Str -2) [a neqoxec]
    39 | D        | Killed a neqoxec
    39 | D        | Reached ** piety under Trog
    39 | D        | Reached XP level 6. HP: 32/63 MP: 6/6
    48 | D        | Killed a neqoxec
    48 | D        | Your scales start taking on an icy white colour.
    48 | D        | Reached XP level 7. HP: 16/71 MP: 7/7
    48 | D        | Gained mutation: Your flesh is cold resistant. (rC+) [White Draconian growth]
    53 | D        | Killed Menkaure
    53 | D        | Reached *** piety under Trog
    53 | D        | Reached skill level 10 in Fighting
    53 | D        | Reached skill level 10 in Long Blades
   767 | D        | Reached **** piety under Trog
   789 | D        | Reached skill level 1 in Stealth
   792 | D        | Reached ***** piety under Trog
   798 | D        | Reached XP level 8. HP: 81/81 MP: 8/8
   841 | D        | Found Ythealyn's Assorted Antiques.
   841 | D        | Found Abek's Gadget Shoppe.
   841 | D        | Found Igeudetewn's Magic Scroll Shoppe.
   841 | D        | Found Emudd's Antique Armour Emporium.
   841 | D        | Found Hiyvilue's Gadget Shoppe.
   841 | D        | Found Pesoraiv's Magic Scroll Emporium.
   842 | D        | Found Wali's Distillery.
   842 | D        | Found Ciwe's Food Shoppe.
   842 | D        | Found Viph's Distillery.
   842 | D        | Found Nunuz's Jewellery Shoppe.
   842 | D        | Found Coriomis's Food Emporium.
   898 | D        | Found Xegorghi's Book Shoppe.
   898 | D        | Found Ilokhoni's Antique Weapon Shoppe.
   898 | D        | Found Xihol's Jewellery Emporium.
   898 | D        | Found Satzemm's Antique Armour Emporium.
   898 | D        | Noticed a manticore
   898 | D        | Noticed a manticore
   901 | D        | Noticed a manticore
   901 | D        | Noticed an oklob plant
   909 | D        | Received a gift from Trog
   913 | D        | Found Hinn's Book Shoppe.
  1028 | D        | Noticed a slime creature
  1028 | D        | Noticed a slime creature
  1035 | D        | Bought the ring of Ocaepn {rElec rN+} for 442 gold pieces
  1039 | D        | Bought a +4 ring of dexterity for 351 gold pieces
  1043 | D        | Bought a meat ration for 55 gold pieces
  1047 | D        | Bought a potion of curing for 39 gold pieces
  1047 | D        | Bought a potion of heal wounds for 65 gold pieces
  1264 | D        | HP: 4/81 [electric eel/bolt of electricity (4)]
  1264 | D        | HP: 1/81 [electric eel/bolt of electricity (3)]
  1264 | D        | Killed from afar by an electric eel

Skill      XL: |  1  2  3  4  5  6  7 |
---------------+----------------------+-----
Fighting       | 6 8 9 11 | 11.3
Long Blades    | 6 8 9 11 | 11.9
Dodging        | 5 6 7 8 9 |  9.2
Stealth        | 1 |  1.8

Action                   |  1- 3 |  4- 6 |  7- 9 || total
-------------------------+-------+-------+-------++-------
Melee: Falchion          |     6 |    29 |    76 ||   111
       Tailslap          |     1 |     5 |    14 ||    20
Invok: Berserk           |     1 |       |     1 ||     2
  Use: Potion            |       |     1 |     1 ||     2
 Stab: Distracted        |       |       |     1 ||     1
  Eat: Bread ration      |       |       |     1 ||     1
Armor: Skin              |       |     5 |     5 ||    10
Dodge: Dodged            |     2 |    43 |    68 ||   113
       Rpst.: Falchion   |     1 |    11 |    21 ||    33
